 Dungeon Crawl Stone Soup version 0.31-a0-246-g8cbcc1cb85 (webtiles) character file.

Game seed: 11994610517730627992

9009 AlmostDecent the Frost Mage (level 11, -2/76 (82) HPs)
             Began as a Gnoll Ice Elementalist on July 13, 2023.
             Was a Priest of Vehumet.
             Slain by a spectral orc knight
             ... wielding a +2 heavy war axe
             ... summoned by Nergalle
              (18 damage)
             ... on level 10 of the Dungeon.
             The game lasted 00:34:49 (9819 turns).

AlmostDecent the Frost Mage (GnIE)                  Turns: 9819, Time: 00:34:50

HP:   -2/76 (82)    AC:  9    Str: 14    XL:     11   Next: 39%
MP:   7/23          EV: 14    Int: 19    God:    Vehumet [***...]
Gold: 414           SH:  8    Dex: 12    Spells: 4/26 levels left

rFire   + . .        t - +2 war axe (venom)
rCold   . . .        e - +3 buckler
rNeg    . . .        n - +0 steam dragon scales
rPois   .            (no helmet)
rElec   .            A - +0 cloak
rCorr   .            x - +0 pair of gloves
SInv    .            (no boots)
Will    .....        (no amulet)
Stlth   ++++         h - ring of protection from fire
HPRegen 0.32/turn    l - +6 ring of strength
MPRegen 0.18/turn

%: no passive effects
@: drained
A: fangs 1, strong nose, distributed training
a: Renounce Religion


You were on level 10 of the Dungeon.
You worshipped Vehumet.
Vehumet was most pleased with you.
You visited 2 branches of the dungeon, and saw 11 of its levels.

You collected 440 gold pieces.
You spent 26 gold pieces at shops.

Inventory:

Hand Weapons
 t - a +2 war axe of venom (weapon)
 F - a +3 scimitar of flaming
Missiles
 q - a throwing net
Armour
 a - a +0 robe
 e - a +3 buckler (worn)
 n - +0 steam dragon scales (worn)
 x - a +0 pair of gloves (worn)
 y - a +0 kite shield
 A - a +0 cloak (worn)
 D - a +1 hat of stealth
Jewellery
 f - a +6 ring of dexterity
 h - a ring of protection from fire (left hand)
 l - a +6 ring of strength (right hand)
 o - an amulet of regeneration
 C - a ring of protection from fire
Wands
 B - a wand of flame (14)
 H - a wand of iceblast (8)
Scrolls
 c - 2 scrolls of enchant weapon
 g - a scroll of revelation
 i - 6 scrolls of vulnerability
 j - 3 scrolls of fog
 s - 2 scrolls of poison
 u - a scroll of blinking
 v - a scroll of teleportation
Potions
 b - a potion of magic
 d - 2 potions of haste {unknown}
 m - 4 potions of curing
 p - 4 potions of ambrosia
 r - a potion of cancellation {unknown}
 w - 2 potions of degeneration
 z - a potion of attraction {unknown}
 E - 2 potions of mutation
Miscellaneous
 k - a phial of floods
 J - a sack of spiders


   Skills:
 + Level 6.3 Fighting
 + Level 6.3 Short Blades
 + Level 6.3 Long Blades
 + Level 6.3 Axes
 + Level 6.3 Maces & Flails
 + Level 6.3 Polearms
 + Level 6.3 Staves
 + Level 6.3 Ranged Weapons
 + Level 6.3 Throwing
 + Level 6.3 Armour
 + Level 7.9 Dodging
 + Level 7.7 Stealth
 + Level 6.3 Shields
 + Level 6.3 Unarmed Combat
 + Level 8.2 Spellcasting
 + Level 5.2 Conjurations
 + Level 5.2 Hexes
 + Level 5.2 Summonings
 + Level 5.2 Necromancy
 + Level 5.2 Translocations
 + Level 5.2 Transmutations
 + Level 5.2 Fire Magic
 + Level 9.0 Ice Magic
 + Level 5.2 Air Magic
 + Level 5.2 Earth Magic
 + Level 5.2 Poison Magic
 + Level 7.0 Invocations
 + Level 6.3 Evocations
 + Level 5.2 Shapeshifting


You had 4 spell levels left.
You knew the following spells:

 Your Spells              Type           Power      Damage    Failure   Level
b - Frozen Ramparts       Ice            84%        1d13      1%          3
c - Ozocubu's Armour      Ice            42%        N/A       1%          3
d - Summon Ice Beast      Ice/Summ       34%        N/A       6%          4
e - Olgreb's Toxic Radia  Pois           27%        N/A       3%          4
f - Animate Dead          Necr           27%        N/A       13%         4
g - Sandblast             Erth           54%        2d13      1%          1
h - Ignite Poison         Fire/Tmut/Pois 27%        N/A       1%          3

Your spell library contained the following spells:

 Spells                   Type           Power      Damage    Failure   Level
 Freeze                   Ice            100%       1d10      1%          1
 Sting                    Tmut/Pois      100%       1d8       1%          1
 Poisonous Vapours        Pois/Air       54%        N/A       1%          2
 Gell's Gravitas          Tloc           27%        N/A       3%          3
 Teleport Other           Tloc           27%        N/A       3%          3
 Dispersal                Tloc           13%        N/A       89%         6
 Haunt                    Necr/Summ      13%        N/A       100%        7
 Infestation              Necr           13%        N/A       100%        8


Dungeon Overview and Level Annotations

Branches:
Dungeon (10/15)            Temple (1/1) D:4
   Lair: D:8-11         Orc: D:9-12

Altars:
Ashenzari
Cheibriados
Dithmenos
Elyvilon
Fedhas
Gozag
Hepliaklqana
Kikubaaqudgha
Makhleb
Nemelex Xobeh
Okawaru
Qazlal
Ru
Sif Muna
Trog
Uskayaw
Vehumet
Wu Jian
Xom
Yredelemnul
Zin
The Shining One

Shops:
D:1 **?=(   D:4 =   D:5 ?

Annotations:
D:3 3 runed translucent doors, LobsterGuardian's ghost, weakling DsNe; MrSquiggles's ghost, amateur MiFi
D:7 3 runed translucent doors, Pooter's ghost, novice MiBe
D:10 Nergalle
Temple 2 transporters


Innate Abilities, Weirdness & Mutations

You have very sharp teeth.
Your uncanny sense of smell can sniff out nearby items.
Your experience applies equally to all skills.


Message History

The spectral orc resists.
The wall freezes the spectral orc.
The spectral orc resists.
The wall freezes the spectral orc.
The spectral orc hits you but does no damage.
The wall freezes Nergalle but does no damage.
You block Nergalle's attack.
The wall freezes the spectral orc knight but does no damage.
The spectral orc knight closely misses you.
The spectral orc warrior resists.
The wall freezes the spectral orc warrior.
The spectral orc warrior barely misses you.
The wall freezes the spectral orc but does no damage.
The wall freezes Nergalle.
You block Nergalle's attack.
The spectral orc resists.
The wall freezes the spectral orc.
You destroy the spectral orc!
The spectral orc disappears in a puff of smoke!
Casting: Sandblast (safe; 1% risk of failure)
Confirm with . or Enter, or press ? or * to list all spells.
Aiming: Sandblast (safe; 1% risk of failure)
Press: ? - help, Shift-Dir - straight line, f/p - Nergalle
Aim: Nergalle, wielding a +0 dagger and wearing a +0 robe (heavily wounded, very poisoned, 81% to hit)
The blast of sand hits Nergalle but does no damage.
Nergalle is heavily wounded.
The spectral orc warrior resists.
The wall freezes the spectral orc warrior.
The spectral orc warrior hits you with a +0 hand axe.
The spectral orc knight resists.
The wall freezes the spectral orc knight.
The spectral orc knight hits you with a +2 heavy war axe!
* * * LOW HITPOINT WARNING * * *
The wall freezes the yak. x2; The wall freezes Nergalle.
You block Nergalle's attack.
The wall freezes the spectral orc warrior but does no damage.
The spectral orc warrior hits you with a +0 hand axe!
* * * LOW HITPOINT WARNING * * *
You feel better.
The frozen ramparts melt away.
The spectral orc warrior closely misses you.
Nergalle casts a spell at the spectral orc.
The spectral orc seems to speed up.
The spectral orc knight hits you with a +2 heavy war axe!!
You die...

## ##### #. .....## ..
......## .### # .......#
..#### #.## .......#
#...Y#.....
.......#######.##oZ.....
.......#.....[.Z@ZY.....
.........######.###.....
....^...## #.# ...
......### #.. . .......#
##.. .....).# ...
...))..# #... ......)# ∆
.#.. ....)†<#


You could see Nergalle (very poisoned), a spectral orc (summoned, fast), a
spectral orc warrior (summoned, fast), a spectral orc knight (summoned) and 2
yaks.

Vanquished Creatures
  Gastronok (D:8)
  Erica (D:8)
  Pikel (D:4)
  A cyclops (D:8)
  2 kobold demonologists (D:7)
  A troll (D:9)
  A hornet (D:8)
  Prince Ribbit (D:8)
  A wraith (D:6)
  5 yaks
  A steam dragon (D:9)
  An acid dragon (D:8)
  2 water moccasins
  3 orc warriors
  2 sky beasts (D:7)
  3 ogres
  4 centaurs
  3 lemures (D:4)
  A phantom (D:5)
  7 kobold brigands
  A bullfrog (D:8)
  A scorpion (D:5)
  A nameless horror (D:6)
  12 killer bees
  4 hounds
  A jelly (D:7)
  4 orc priests
  A sleepcap (D:7)
  3 iguanas
  10 orc wizards
  7 gnolls
  2 adders
  3 ufetubi
  A worm (D:3)
  3 dart slugs
  35 orcs
  5 ball pythons
  8 endoplasms
  3 giant cockroaches
  11 goblins
  8 hobgoblins
  2 jackals (D:1)
  3 quokkas
  6 bats
  A frilled lizard (D:1)
  16 kobolds
  3 rats (D:2)
197 creatures vanquished.

Vanquished Creatures (collateral kills)
  Joseph (D:8)
  Maggie (D:7)
  A steam dragon (D:6)
  A water moccasin (D:7)
  A gnoll sergeant (D:6)
  A hound (D:6)
  A gnoll bouda (D:5)
  A sleepcap (D:6)
  5 gnolls
  2 kobolds
15 creatures vanquished.

Grand Total: 212 creatures vanquished

Notes
Turn   | Place    | Note
-------+----------+-------------------------------------------
     0 | D:1      | AlmostDecent the Gnoll Ice Elementalist began the quest for
                  | the Orb.
     0 | D:1      | Reached XP level 1. HP: 13/13 MP: 6/6
   132 | D:1      | Found Dias's General Store.
   135 | D:1      | Reached XP level 2. HP: 19/19 MP: 5/7
   236 | D:1      | Found Fit Qovu's Weapon Shop.
   273 | D:1      | Found Vocat's Jewellery Shoppe.
   325 | D:1      | Found Tetaac's Magic Scroll Shop.
   585 | D:1      | Found Biudwer's General Store.
   821 | D:1      | Reached XP level 3. HP: 25/25 MP: 9/9
   825 | D:1      | Learned a level 3 spell: Frozen Ramparts
   951 | D:2      | Reached skill level 5 in Spellcasting
  1120 | D:2      | Reached skill level 1 in Invocations
  1675 | D:3      | Found a runed translucent gate.
  1675 | D:3      | Found a runed translucent gate.
  1675 | D:3      | Found a runed translucent gate.
  1699 | D:3      | Reached skill level 1 in Fighting
  1699 | D:3      | Reached skill level 1 in Short Blades
  1699 | D:3      | Reached skill level 1 in Long Blades
  1699 | D:3      | Reached skill level 1 in Axes
  1699 | D:3      | Reached skill level 1 in Maces & Flails
  1699 | D:3      | Reached skill level 1 in Polearms
  1699 | D:3      | Reached skill level 1 in Staves
  1699 | D:3      | Reached skill level 1 in Ranged Weapons
  1699 | D:3      | Reached skill level 1 in Throwing
  1699 | D:3      | Reached skill level 1 in Armour
  1699 | D:3      | Reached skill level 1 in Shields
  1699 | D:3      | Reached skill level 1 in Unarmed Combat
  1699 | D:3      | Reached skill level 1 in Evocations
  1699 | D:3      | Reached XP level 4. HP: 28/32 MP: 4/11
  1778 | D:3      | Reached skill level 1 in Conjurations
  1778 | D:3      | Reached skill level 1 in Hexes
  1778 | D:3      | Reached skill level 1 in Summonings
  1778 | D:3      | Reached skill level 1 in Necromancy
  1778 | D:3      | Reached skill level 1 in Translocations
  1778 | D:3      | Reached skill level 1 in Transmutations
  1778 | D:3      | Reached skill level 1 in Fire Magic
  1778 | D:3      | Reached skill level 1 in Air Magic
  1778 | D:3      | Reached skill level 1 in Earth Magic
  1778 | D:3      | Reached skill level 1 in Poison Magic
  1778 | D:3      | Reached skill level 1 in Shapeshifting
  1885 | D:3      | Reached XP level 5. HP: 37/37 MP: 8/12
  2227 | D:3      | Reached XP level 6. HP: 44/44 MP: 10/13
  2231 | D:3      | Learned a level 3 spell: Ozocubu's Armour
  2236 | D:3      | Learned a level 4 spell: Summon Ice Beast
  2511 | D:3      | Noticed MrSquiggles's ghost (amateur MiFi)
  2512 | D:3      | Noticed LobsterGuardian's ghost (weakling DsNe)
  3107 | D:4      | Noticed Pikel
  3125 | D:4      | Killed Pikel
  3126 | D:4      | Reached skill level 5 in Dodging
  3126 | D:4      | Reached skill level 5 in Stealth
  3126 | D:4      | Reached XP level 7. HP: 38/51 MP: 6/15
  3475 | D:4      | Found a staircase to the Ecumenical Temple.
  3488 | Temple   | Entered the Ecumenical Temple
  3488 | Temple   | Found a transporter.
  3488 | Temple   | Found a transporter.
  3490 | Temple   | Found a transporter.
  3490 | Temple   | Found a transporter.
  3512 | Temple   | Became a worshipper of Vehumet
  3641 | D:4      | Found Qugoynwu's Jewellery Boutique.
  3860 | D:5      | Entered Level 5 of the Dungeon
  3923 | D:5      | Reached XP level 8. HP: 56/57 MP: 3/16
  4795 | D:5      | Found Filuaps's Magic Scroll Boutique.
  4798 | D:5      | Bought a scroll of identify for 26 gold pieces
  5051 | D:6      | Reached * piety under Vehumet
  5051 | D:6      | Offered knowledge of Kiss of Death by Vehumet.
  5263 | D:6      | Reached XP level 9. HP: 23/65 MP: 3/18
  5594 | D:6      | Reached skill level 8 in Ice Magic
  6138 | D:7      | Noticed Maggie
  6155 | D:7      | Killed Maggie
  6156 | D:7      | Reached skill level 5 in Invocations
  6358 | D:7      | Learned a level 4 spell: Olgreb's Toxic Radiance
  6363 | D:7      | Learned a level 4 spell: Animate Dead
  6377 | D:7      | Noticed a kobold demonologist
  6378 | D:7      | Noticed a kobold demonologist
  6383 | D:7      | Noticed an orange demon
  6385 | D:7      | Noticed an orange demon
  6386 | D:7      | Killed a kobold demonologist
  6388 | D:7      | Noticed an orange demon
  6393 | D:7      | Noticed a rust devil
  6395 | D:7      | Killed a kobold demonologist
  6396 | D:7      | Reached XP level 10. HP: 50/73 MP: 5/20
  6408 | D:7      | Reached skill level 5 in Fighting
  6408 | D:7      | Reached skill level 5 in Short Blades
  6408 | D:7      | Reached skill level 5 in Long Blades
  6408 | D:7      | Reached skill level 5 in Axes
  6408 | D:7      | Reached skill level 5 in Maces & Flails
  6408 | D:7      | Reached skill level 5 in Polearms
  6408 | D:7      | Reached skill level 5 in Staves
  6408 | D:7      | Reached skill level 5 in Ranged Weapons
  6408 | D:7      | Reached skill level 5 in Throwing
  6408 | D:7      | Reached skill level 5 in Armour
  6408 | D:7      | Reached skill level 5 in Shields
  6408 | D:7      | Reached skill level 5 in Unarmed Combat
  6408 | D:7      | Reached skill level 5 in Evocations
  6895 | D:7      | Found a runed translucent gate.
  6895 | D:7      | Found a runed translucent gate.
  6896 | D:7      | Found a runed translucent gate.
  6896 | D:7      | Noticed a spectral unseen horror
  6898 | D:7      | Noticed Pooter's ghost (novice MiBe)
  7322 | D:8      | Noticed a cyclops
  7332 | D:8      | Killed a cyclops
  7490 | D:8      | Noticed Joseph
  7496 | D:8      | Offered knowledge of Sandblast by Vehumet.
  7504 | D:8      | Killed Joseph
  7701 | D:8      | Reached ** piety under Vehumet
  7809 | D:8      | Learned a level 1 spell: Sandblast
  7848 | D:8      | Noticed Prince Ribbit
  7855 | D:8      | Killed Prince Ribbit
  7881 | D:8      | Noticed Gastronok
  7903 | D:8      | Killed Gastronok
  8447 | D:8      | Found a glowing golden altar of the Shining One.
  8570 | D:8      | Reached XP level 11. HP: 71/81 MP: 14/22
  8654 | D:8      | Noticed Erica
  8664 | D:8      | Killed Erica
  8665 | D:8      | Reached skill level 5 in Conjurations
  8665 | D:8      | Reached skill level 5 in Hexes
  8665 | D:8      | Reached skill level 5 in Summonings
  8665 | D:8      | Reached skill level 5 in Necromancy
  8665 | D:8      | Reached skill level 5 in Translocations
  8665 | D:8      | Reached skill level 5 in Transmutations
  8665 | D:8      | Reached skill level 5 in Fire Magic
  8665 | D:8      | Reached skill level 5 in Air Magic
  8665 | D:8      | Reached skill level 5 in Earth Magic
  8665 | D:8      | Reached skill level 5 in Poison Magic
  8665 | D:8      | Reached skill level 5 in Shapeshifting
  9014 | D:9      | Found a shadowy altar of Dithmenos.
  9014 | D:9      | Found an iron altar of Okawaru.
  9025 | D:9      | Found a white marble altar of Elyvilon.
  9027 | D:9      | Found a shimmering blue altar of Sif Muna.
  9060 | D:9      | Offered knowledge of Ignite Poison by Vehumet.
  9065 | D:9      | Learned a level 3 spell: Ignite Poison
  9731 | D:10     | Entered Level 10 of the Dungeon
  9734 | D:10     | Reached *** piety under Vehumet
  9807 | D:10     | Noticed Nergalle
  9814 | D:10     | Reached skill level 9 in Ice Magic
  9819 | D:10     | Slain by a spectral orc knight

Illustrated notes

Levels and vault maps discovered:
D:1:      heliophobic_arrival_glass_houses, layout_loops_ring, serial_shops,
          shop, nicolae_shop_tiny_statue_garden, shop, nicolae_shop_crystal,
          nicolae_shop_bloodbath_and_beyond
D:2:      layout_rooms, minmay_statues_item
D:3:      layout_basic, gammafunk_ghost_cemetery, hangedman_decor_peaks_small
D:4:      layout_loops_cross, minmay_temple_entry_nine_rooms, serial_shops,
          nicolae_shop_window_shopping, uniq_pikel
D:5:      cheibrodos_thug_alley, layout_basic, serial_shops,
          nicolae_shop_rolled_up, amcnicky_mini_pool_small
D:6:      layout_rooms, st_stairs_12
D:7:      layout_loops_cross, gammafunk_ghost_necromancy, uniq_maggie
D:8:      layout_loops_cross, lemuel_coloured_pillars_altar, uniq_joseph,
          uniq_erica, uniq_prince_ribbit1, uniq_gastronok
D:9:      layout_cave_pools, nicolae_overflow_macrodata_refinement
D:10:     layout_rooms, dpeg_oklobed_lair, uniq_nergalle
Temple:   hellmonk_temple_divided_pantheon

Skill      XL: |  1  2  3  4  5  6  7  8  9 10 11 |
---------------+----------------------------------+-----
Spellcasting   | 5 6 7 8 |  8.2
Invocations    | 1 2 3 4 5 6 7 |  7.0
Fighting       | 1 2 3 4 5 6 |  6.3
Short Blades   | 1 2 3 4 5 6 |  6.3
Long Blades    | 1 2 3 4 5 6 |  6.3
Axes           | 1 2 3 4 5 6 |  6.3
Maces & Flails | 1 2 3 4 5 6 |  6.3
Polearms       | 1 2 3 4 5 6 |  6.3
Staves         | 1 2 3 4 5 6 |  6.3
Ranged Weapons | 1 2 3 4 5 6 |  6.3
Throwing       | 1 2 3 4 5 6 |  6.3
Armour         | 1 2 3 4 5 6 |  6.3
Shields        | 1 2 3 4 5 6 |  6.3
Unarmed Combat | 1 2 3 4 5 6 |  6.3
Evocations     | 1 2 3 4 5 6 |  6.3
Conjurations   | 1 2 3 4 5 |  5.2
Hexes          | 1 2 3 4 5 |  5.2
Summonings     | 1 2 3 4 5 |  5.2
Necromancy     | 1 2 3 4 5 |  5.2
Translocations | 1 2 3 4 5 |  5.2
Transmutations | 1 2 3 4 5 |  5.2
Fire Magic     | 1 2 3 4 5 |  5.2
Air Magic      | 1 2 3 4 5 |  5.2
Earth Magic    | 1 2 3 4 5 |  5.2
Poison Magic   | 1 2 3 4 5 |  5.2
Shapeshifting  | 1 2 3 4 5 |  5.2
Dodging        | 5 6 7 |  7.9
Stealth        | 5 6 7 |  7.7
Ice Magic      | 8 9 |  9.0

Action                     |  1- 3 |  4- 6 |  7- 9 | 10-12 || total
---------------------------+-------+-------+-------+-------++-------
  Melee: Unarmed           |     9 |       |       |       ||     9
         Bite              |     4 |     4 |    18 |    12 ||    38
         Short sword       |    14 |    36 |   117 |       ||   167
         War axe           |       |       |     6 |    67 ||    73
   Cast: Freeze            |    42 |    20 |    64 |    21 ||   147
         Frozen Ramparts   |     2 |    10 |    15 |    20 ||    47
         Ozocubu's Armour  |       |     1 |    10 |     6 ||    17
         Summon Ice Beast  |       |       |    10 |     6 ||    16
         Olgreb's Toxic Ra |       |       |     1 |    16 ||    17
         Sandblast         |       |       |       |    36 ||    36
    Use: Scroll            |       |       |    11 |     8 ||    19
         Potion            |       |       |       |     1 ||     1
   Stab: Sleeping          |     3 |     1 |       |       ||     4
         Distracted        |       |       |       |     1 ||     1
 Armour: Robe              |    11 |     5 |    37 |       ||    53
         Steam dragon scal |       |       |     9 |    35 ||    44
  Dodge: Dodged            |    31 |    20 |   100 |   104 ||   255
  Block: Buckler           |     8 |    15 |    65 |    61 ||   149

Table legend: (Time is in decaauts)
 A = Elapsed time spent in this place.
 B = Non-inter-level travel time spent in this place.
 C = Inter-level travel time spent in this place.
 D = Time resting spent in this place.
 E = Time spent auto-exploring this place.
 F = Levels seen in this place.
 G = Mean time per level.
                   A        B        C        D        E       F      G
               +--------+--------+--------+--------+--------+-----+--------+
         Total |   9863 |   9415 |    448 |    352 |   7436 |  11 |  896.6 |
       Dungeon |   9820 |   9372 |    448 |    352 |   7436 |  10 |  982.0 |
        Temple |     42 |     42 |      0 |      0 |      0 |   1 |   42.0 |
               +--------+--------+--------+--------+--------+-----+--------+

Top non-repeatable levels by time:
     D:8: 1538 daAuts
     D:3: 1398 daAuts
     D:5: 1370 daAuts
     D:7: 1192 daAuts
     D:4: 961 daAuts
     D:1: 934 daAuts
     D:6: 915 daAuts
     D:9: 897 daAuts
     D:2: 520 daAuts
    D:10: 92 daAuts
  Temple: 42 daAuts
